Map: Lerilak Crest

Players

Abstraction - Winner!

  • Race: Zerg Zerg
  • League: Gold

lesha

  • Race: Terran Terran
  • League: Silver

VOD

Have the link to the VOD?

Description

Time

  • Played on: Dec. 11, 2015, 10:32 a.m.
  • Length: 11:29
Show
View Real Time Build Order
Export as new Build Order

Abstraction Zerg - Winner!

Build Orders: Hatch First 

Get SALT Encoding   

  12  0:02  Drone  
  13  0:12  Overlord  
  13  0:17  Drone  
  14  0:31  Drone x2  
  14  0:34  Drone  
  17  0:56  Hatchery  
  16  0:57  Drone  
  16  1:02  Drone  
  18  1:14  Spawning Pool  
  18  1:17  Drone  
  18  1:20  Drone  
  18  1:24  Extractor  
  18  1:29  Drone  
  19  1:39  Drone  
  20  1:50  Drone  
  21  2:00  Overlord  
  21  2:07  Queen  
  23  2:11  Queen  
  23  2:15  Drone x2  
  27  2:20  Zergling x2  
  28  2:23  Zergling x2  
  29  2:31  Drone  
  29  2:32  Metabolic Boost  
  30  2:43  Drone  
  30  2:44  Drone x2  
  33  2:54  Drone x2  
  35  2:59  Extractor  
  34  3:07  Overlord  
  34  3:09  Drone  
  35  3:13  Drone  
  36  3:22  Evolution Chamber  
  36  3:24  Drone  
  36  3:26  Drone x3  
  39  3:33  Drone x3  
  42  3:34  Extractor  
  42  3:35  Overlord x2  
  42  3:36  Extractor  
  42  3:38  Lair  
  42  3:39  Queen  
  42  3:50  Drone x2  
  42  3:51  Evolution Chamber  
  43  4:00  Drone x2  
  43  4:01  Drone  
  46  4:12  Drone x3  
  49  4:17  Baneling Nest  
  49  4:22  Zerg Melee Weapons Level 1  
  48  4:27  Zerg Ground Armor Level 1  
  48  4:37  Drone x4  
  48  4:38  Drone  
  53  4:42  Drone  
  53  4:43  Hatchery  
  53  4:44  Zergling x4  
  53  4:45  Zergling x2  
  56  5:10  Infestation Pit  
  56  5:11  Drone  
  56  5:27  Zergling x8  
  60  5:29  Overlord x4  
  58  5:57  Drone x4  
  58  5:58  Drone x4  
  66  6:10  Zergling x14  
  73  6:18  Hive  
  73  6:21  Zerg Ground Armor Level 2  
  73  6:23  Zerg Melee Weapons Level 2  
  73  6:27  Centrifical Hooks  
  73  6:31  Drone x2  
  73  6:32  Drone x4  
  79  6:34  Zergling x4  
  81  6:41  Extractor x2  
  79  6:52  Baneling x5  
  79  6:53  Baneling x6  
  79  6:54  Baneling  
  79  7:09  Drone x4  
  79  7:10  Drone x2  
  85  7:27  Zergling x26  
  98  7:30  Overlord  
  93  7:58  Spore Crawler  
  93  7:59  Drone x2  
  93  8:00  Swarm Host  
  97  8:25  Ultralisk Cavern  
  96  8:40  Zerg Ground Armor Level 3  
  96  8:41  Zerg Missile Weapons Level 1  
  96  8:48  Zergling x6  
  98  8:49  Zergling x12  
  105  8:59  Overlord x5  
  105  9:15  Baneling x2  
  105  9:16  Baneling x5  
  105  9:19  Hatchery  
  104  9:38  Ultralisk x5  
  128  9:39  Ultralisk  
  128  9:40  Chitinous Plating  
  128  9:42  Overlord  
  128  9:43  Overlord x3  
  106  10:17  Ultralisk x2  
  106  10:18  Ultralisk x2  
  131  10:21  Zergling x2  
  131  10:22  Zergling x24  
  143  10:30  Queen  
  145  10:38  Zergling x2  
  145  10:39  Zergling x18  
Show
View Real Time Build Order
Export as new Build Order

lesha Terran 

Build Orders: MMM Bio 

Get SALT Encoding   

  12  0:01  SCV  
  13  0:13  SCV  
  14  0:17  Supply Depot  
  14  0:25  SCV  
  15  0:39  SCV  
  15  0:41  Barracks  
  16  0:51  SCV  
  17  1:08  SCV  
  18  1:20  SCV  
  19  1:32  SCV  
  20  1:35  Refinery  
  20  1:39  Command Center, Marine  
  21  1:44  Orbital Command  
  21  1:49  Refinery  
  21  1:57  Marine  
  22  2:15  SCV  
  23  2:34  Factory  
  23  2:35  Supply Depot  
  23  2:50  Marine  
  23  2:51  SCV  
  25  2:58  Bunker  
  24  3:03  Orbital Command  
  24  3:06  SCV  
  24  3:08  Marine  
  26  3:18  SCV  
  27  3:24  Starport  
  27  3:26  Barracks  
  27  3:27  Factory Tech Lab  
  27  3:30  SCV x2  
  29  3:42  SCV  
  29  3:46  Marine  
  29  3:47  Bunker  
  31  3:49  Siege Tank  
  31  3:55  SCV x2  
  36  4:07  SCV x2  
  38  4:14  Supply Depot  
  38  4:18  Barracks Reactor, Barracks Tech Lab, Supply Depot  
  38  4:19  SCV x2  
  40  4:31  SCV x2  
  42  4:43  SCV  
  42  4:44  SCV  
  44  4:46  Marauder  
  44  4:48  Siege Tank  
  44  4:51  Stimpack  
  49  5:00  Barracks  
  49  5:04  Supply Depot x2  
  49  5:07  SCV x2  
  49  5:08  Engineering Bay  
  49  5:10  Engineering Bay  
  49  5:11  Marine x2  
  49  5:12  Marauder  
  49  5:13  Starport Reactor  
  55  5:19  SCV x2  
  57  5:25  Siege Tank  
  60  5:29  Marine x2  
  60  5:33  Marauder  
  64  5:44  Refinery  
  64  5:46  Marine x2  
  66  5:50  Medivac  
  69  6:06  Barracks Reactor  
  69  6:07  Marine x2  
  69  6:10  Marauder  
  69  6:11  Medivac  
  74  6:24  Barracks, Marine x2  
  76  6:25  Barracks  
  76  6:27  Terran Infantry Weapons Level 1  
  76  6:33  Refinery  
  76  6:34  SCV x2  
  78  6:44  Command Center  
  78  7:01  Supply Depot x3  
  78  7:02  Supply Depot  
  78  7:04  Terran Infantry Armor Level 1  
  78  7:12  Barracks Reactor  
  78  7:13  Barracks Reactor  
  78  7:22  SCV x2, Marine x4  
  86  7:23  Combat Shields, Marauder  
  86  7:40  Marine x3  
  91  7:44  Marauder  
  91  8:05  SCV x2  
  93  8:08  Orbital Command  
  93  8:16  Bunker, Marine x3  
  93  8:17  SCV x2, Marine x3  
  93  8:18  Marauder  
  93  8:19  Medivac x2  
  107  8:21  Marine x2  
  109  8:29  Armory  
  109  8:34  Marine x2  
  109  8:39  Marauder  
  113  8:47  Marine x3  
  113  8:48  Marine x3  
  118  8:50  Orbital Command  
  118  8:51  Medivac x2  
  118  8:52  Marine x2  
  125  9:11  Supply Depot  
  125  9:14  Supply Depot x3  
  125  9:20  Concussive Shells  
  125  9:33  Medivac x2, Marine x4  
  125  9:35  SCV x2, Marine x4  
  125  9:36  Marauder  
  141  9:42  Refinery  
  141  9:43  Refinery  
  141  9:47  SCV x2  
  141  9:51  Marine x4  
  147  9:53  Marine x4  
  147  9:57  Marauder  
  154  10:00  SCV  
  154  10:03  Medivac  
  154  10:05  Medivac  
  157  10:08  Marine  
  130  10:17  Marine x7  
  130  10:18  Marine  
  138  10:26  SCV x3, Marine  
  142  10:34  Marine  
  142  10:35  Medivac x2, Marine x6  
  151  10:38  SCV x3  
  128  10:50  SCV x3  
  128  11:02  Marine x4  
  128  11:03  Marine  
Tags
 
Composition
MMM Bio
Matchup
TvZ
Add a new tag
Caveats
  • Supply blocks, unpowered buildings, or Contaminate may cause inaccurate times.
  • Supply counts are checked every 10 seconds.